cohdb
Replays
Latest Replays
All Replays
Popular Replays
Top Player Replays
Match Explorer
How It Works
Community
CoH3 Stats
Reddit
Sign in to upload your games and track your stats! →
Sign in with Steam
Match 38702037
Unlisted
Match 38702037
Overview
Messages
Build Orders
End
Kradschützen Motorcycle Team
Selects Italian Infantry
Panzergrenadier Squad
Panzergrenadier Squad
Panzergrenadier Squad
Construct Light Support Kompanie
Fire Support Elements
Selects Guastatori Squad
Guastatori Squad
Pak 38 Mechanized Group
Selects Defensive Operations
Guastatori Squad
Veteran Squad Leaders
Flakvierling Half-track
Selects Prepared Positions
Guastatori Squad
Construct Panzerarmee Kommand
Panzer III L Medium Tank
Selects Obice 305mm Barrage
Selects Registered Artillery
Vehicle Survival Package
Registered Artillery
Tungsten Core Ammunition
Registered Artillery
2.5-tonne Medical Truck
Panzer III L Medium Tank
AI Takeover
Clumsy
Dellan Dancing Dirty!
Despotic tea
Mael Radec
Mr.Earl
Ryan
okinawa
Zoro
0
0
Comments
sign in to comment!
No comments posted yet!